 Dungeon Sprint DCSS version 0.20-a0-809-gaf7f668 (webtiles) character file.

0 esc the Charlatan (level 1, -4/9 HPs)
             Began as a Felid Artificer on Mar 3, 2017.
             Killed from afar by an oklob sapling (9 damage)
             ... with a splash of acid
             ... in the Dungeon (Sprint IV: "Fedhas' Mad Dash").
             The game lasted 00:00:53 (23 turns).

esc the Charlatan (Felid Artificer)                   Turns: 23, Time: 00:00:53

Health: -4/9       AC:  1    Str:  8    XL:     1   Next: 8%
Magic:  4/4        EV: 18    Int: 12    God:
Gold:   0          SH:  0    Dex: 16    Spells: 0/0 levels left
                                        Lives:  0   Deaths: 0

rFire    . . .     SeeInvis +     - Unarmed
rCold    . . .     Gourm    .   (armour unavailable)
rNeg     . . .     Faith    .   (shield unavailable)
rPois    .         Spirit   .   (helmet unavailable)
rElec    .         Reflect  .   (cloak unavailable)
rCorr    .         Harm     .   (gloves unavailable)
MR       .....     NoTele   +   (boots unavailable)
Stlth    ++........             (no amulet)
Regen    0.1/turn               (no ring)
MPRegen  0.1/turn               (no ring)

@: quick
A: no armour, no weapons or thrown items, stealth, claws 1, fangs 3, see
invisible, carnivore 3, speed 1, shaggy fur 1, slow metabolism 1, sharp paws
a: no special abilities


You were in the Dungeon.
You were not hungry.

You visited 1 branch

Inventory:

Wands
 a - a wand of flame (15/48)
 b - a wand of enslavement (13/24)
 c - a wand of random effects (15/48)
Scrolls
 j - a scroll of blinking {!r}
Potions
 e - a potion of curing
 f - a potion of heal wounds
 g - a potion of haste
 h - 2 potions of magic
 i - a potion of berserk rage {!q}
Comestibles
 d - a meat ration {@e2}


   Skills:
 + Level 1.2 Fighting
 + Level 2.9 Dodging
 - Level 1.3 Stealth
 + Level 1.2 Unarmed Combat
 + Level 3.4 Evocations


You couldn't memorise any spells.
You didn't know any spells.

Dungeon Overview and Level Annotations

Branches:
Dungeon (1/1)

Altars:

Annotations:
D exclusion: oklob sapling


Innate Abilities, Weirdness & Mutations

You cannot wear armour.
You are incapable of wielding weapons or throwing items.
Your paws allow you to move quietly. (Stealth)
You have sharp claws.
You have razor-sharp teeth.
You have supernaturally acute eyesight. (SInv)
You are carnivorous and can eat meat at any time.
You cover ground quickly.
You are covered in fur. (AC +1)
You have a slow metabolism.
Your sharp claws are effective at attacking unaware monsters.


Message History

Welcome, esc the Felid Artificer.
Found a staircase leading out of the dungeon.
You open the door.
A rat and a river rat come into view.
Okay, then.
There is an open door here.
You closely miss the river rat.
You bite the river rat, but do no damage.
The river rat misses you.
Aim: a river rat (chance to defeat MR: 64%)
The river rat struggles to resist.
This wand has 14 charges left.
The river rat bites you.
You take 4 damage, and have 5/9 hp.
MASSIVE DAMAGE!!
Aim: a river rat (chance to defeat MR: 64%)
The river rat is charmed.
This wand has 13 charges left.
The rat closely misses your river rat.
The rat twitches its whiskers.
The rat bites your river rat.
The rat bites your river rat but does no damage.
Your river rat bites the rat!
The rat dies!
You swap places.
There is an open door here.
You see here 16 poisoned needles.
You open the door.
An oklob sapling comes into view.
Unknown command.
What are your orders? t - Meow!
Orders for allies: a - Attack new target. p - Attack previous target. r - Retreat! s - Stop attacking. g - Guard the area. f - Follow me.
Anything else - Cancel.
Gang up on whom?
Aim: an oklob sapling (resting) Attack!
The oklob sapling spits acid at you. The splash of acid hits your river rat.
Your river rat is splashed with acid.
The acid corrodes your river rat!
Your river rat dies!
The oklob sapling spits acid at you. The splash of acid hits you!
Ouch! That really hurt!
You die...

############ #####
#<..P#.....#.$$$$#
#PP..'.(.@.'.#
#PPPP#.....#P#
##############


You could see an oklob sapling.

Vanquished Creatures (collateral kills)
  A rat (D)
1 creature vanquished.

Vanquished Creatures (others)
  A river rat (D)
1 creature vanquished.

Grand Total: 2 creatures vanquished

Notes
Turn   | Place    | Note
-------+----------+-------------------------------------------
     0 | D        | esc the Felid Artificer began the quest for the Orb.
     0 | D        | Reached XP level 1. HP: 9/9 MP: 4/4
    19 | D        | Noticed an oklob sapling
    23 | D        | Killed from afar by an oklob sapling

Vault maps used:
D:        dungeon_sprint_fedhas

Action                   || total
-------------------------++-------
Melee: Unarmed           ||     1
       Bite              ||     1
Evoke: Wand              ||     2
Dodge: Dodged            ||     1

Vault maps used:
D:        dungeon_sprint_fedhas

Table legend:
 A = Turns spent in this place as a percentage of turns spent in the entire game.
 B = Non-inter-level travel turns spent in this place as a percentage of non-inter-level travel turns spent in the entire game.
 C = Inter-level travel turns spent in this place as a percentage of turns spent in this place.
 D = Turns resting spent in this place as a percentage of non-inter-level travel turns spent in this place.
 E = Turns spent auto-exploring this place as a percentage of non-inter-level travel turns spent in this place.
 F = Non-inter-level travel turns spent in this place divided by the number of levels of this place that you've seen.
                   A       B       C       D       E      F
               +-------+-------+-------+-------+-------+----------------------
         Total | 100.0 | 100.0 |   0.0 |   0.0 |   0.0 |  26.0
       Dungeon | 100.0 | 100.0 |   0.0 |   0.0 |   0.0 |  26.0
               +-------+-------+-------+-------+-------+----------------------

Table legend:
 A = Kills in this place as a percentage of kills in entire the game.
 B = Kills by you in this place as a percentage of kills by you in the entire game.
 C = Kills by friends in this place as a percentage of kills by friends in the entire game.
 D = Other kills in this place as a percentage of other kills in the entire game.
 E = Experience gained in this place as a percentage of experience gained in the entire game.
 F = Experience gained in this place divided by the number of levels of this place that you have seen.
                   A       B       C       D       E      F
               +-------+-------+-------+-------+-------+----------------------
         Total | 100.0 |  -nan | 100.0 |  -nan | 100.0 |   1.0
       Dungeon | 100.0 |  -nan | 100.0 |  -nan | 100.0 |   1.0
               +-------+-------+-------+-------+-------+----------------------
